 Dungeon Crawl Stone Soup version 0.23-a0-607-g760965b (webtiles) character file.

33315 inc the Nimble (level 13, -3/54 HPs)
             Began as a Felid Air Elementalist on Dec 20, 2018.
             Was the Champion of Hepliaklqana.
             Slain by a shambling mangrove (9 damage)
             ... on level 3 of the Lair of Beasts.
             The game lasted 01:35:45 (40251 turns).

inc the Nimble (Felid Air Elementalist)            Turns: 40251, Time: 01:35:47

Health: -3/54      AC:  5    Str:  4    XL:     13   Next: 36%
Magic:  28/30      EV: 30    Int: 25    God:    Hepliaklqana [******]
Gold:   1371       SH:  0    Dex: 17    Spells: 11/36 levels left
                                        Lives:  0   Deaths: 3

rFire    . . .     SeeInvis +   (weapon unavailable)
rCold    + . .     Gourm    .   (shield unavailable)
rNeg     + . .     Faith    .   (armour unavailable)
rPois    +         Spirit   .   (helmet unavailable)
rElec    .         Reflect  .   (cloak unavailable)
rCorr    .         Harm     .   (gloves unavailable)
MR       +....     Clarity  +   (boots unavailable)
Stlth    +++.......             r - amulet of magic regeneration
HPRegen  0.18/turn              c - +5 ring of evasion
MPRegen  0.47/turn              K - ring "Jebyitag" {+Fly rN+ Int+4}

@: grasped by roots, constricted, deflect missiles, quick
A: very small, no armour, no weapons or thrown items, stealth, reduced essence,
claws 1, fangs 3, molten scales 1, see invisible, carnivore, clarity, speed 1,
poison resistance, shaggy fur 3, slow metabolism 1, sharp paws
a: Recall Ancestor, Ancestor Identity, Transference, Idealise, Renounce
Religion, Evoke Flight


You were on level 3 of the Lair of Beasts.
You worshipped Hepliaklqana.
Hepliaklqana was exalted by your worship.
You were not hungry.

You visited 6 branches of the dungeon, and saw 25 of its levels.

You collected 2421 gold pieces.
You spent 1050 gold pieces at shops.

Inventory:

Jewellery
 c - a +5 ring of evasion (left paw)
 i - an uncursed amulet of harm
 l - a +1 ring of evasion
 o - an uncursed ring of protection from cold
 r - an amulet of magic regeneration (around neck)
 t - an uncursed ring of stealth
 w - the ring of Wishful Thinking {Fire Str+4 Slay+5}
   (You took it off a tengu warrior on level 13 of the Dungeon)

   [ring of fire]

   It enhances your fire magic.
   It affects your strength (+4).
   It affects your accuracy and damage with ranged weapons and melee attacks
   (+5).
   It protects you from fire.
   It makes you vulnerable to cold.
 C - an uncursed amulet of faith
 H - a +2 ring of protection
 J - an uncursed ring of positive energy
 K - the ring "Jebyitag" (right paw) {+Fly rN+ Int+4}
   (You took it off a centaur warrior on level 13 of the Dungeon)

   [ring of flight]

   It affects your intelligence (+4).
   It protects you from negative energy.
   It lets you fly.
 N - the ring of the Komtur {Wiz MR- Int+5}
   (You found it on level 13 of the Dungeon)

   [ring of wizardry]

   It improves your spell success rate.
   It affects your intelligence (+5).
   It affects your resistance to hostile enchantments.
 Q - the ring "Repu" {rF- rC+ Int+2 Stlth+}
   (You found it on level 13 of the Dungeon)

   [ring of protection from cold]

   It affects your intelligence (+2).
   It makes you vulnerable to fire.
   It protects you from cold.
   It makes you more stealthy.
 S - an uncursed ring of protection from cold
Wands
 d - a wand of paralysis (13)
 x - a wand of clouds (6)
 y - a wand of scattershot (3)
 E - a wand of flame (42)
 F - a wand of iceblast (12)
 M - a wand of random effects (29)
 O - a wand of acid (19)
Scrolls
 h - 2 scrolls of magic mapping
 j - 2 scrolls of vulnerability
 k - 6 scrolls of amnesia
 m - 3 scrolls of fog
 n - 15 scrolls of teleportation
 s - 12 scrolls of remove curse
 A - 3 scrolls of fear {unknown}
 I - 5 scrolls of blinking {unknown}
 P - 2 scrolls of immolation
 R - 2 scrolls of noise
 T - a scroll of random uselessness
 U - a scroll of enchant armour
Potions
 a - 3 potions of agility
 e - 2 potions of flight
 f - 6 potions of curing
 g - 5 potions of mutation
 p - 2 potions of invisibility
 q - 4 potions of lignification
 u - 3 potions of resistance
 v - 5 potions of haste
 z - 3 potions of might
 B - 2 potions of degeneration
 D - 3 potions of brilliance
Miscellaneous
 G - a phantom mirror
Comestibles
 b - 32 rations


   Skills:
 - Level 9.5 Fighting
 - Level 12.4 Dodging
 - Level 2.6 Stealth
 - Level 12.0 Spellcasting
 - Level 11.6 Conjurations
 + Level 8.3 Charms
 - Level 11.7 Summonings
 - Level 8.9 Air Magic


You had 11 spell levels left.
You knew the following spells:

 Your Spells              Type           Power        Failure   Level  Hunger
a - Shock                 Conj/Air       ####         1%          1    None
b - Lightning Bolt        Conj/Air       ######....   1%          5    ###....
c - Airstrike             Air            ######....   1%          4    None
e - Static Discharge      Conj/Air       ######..     1%          3    None
f - Summon Lightning Spi  Summ/Air       ######..     1%          4    None
j - Deflect Missiles      Chrm/Air       ######....   19%         6    #####..
k - Swiftness             Chrm/Air       ######..     1%          2    None

Your spell library contained the following spells:

 Spells                   Type           Power        Failure   Level  Hunger
 Summon Small Mammal      Summ           ####         1%          1    None
 Call Imp                 Summ           ######..     1%          2    None
 Throw Frost              Conj/Ice       #####.       1%          2    None
 Call Canine Familiar     Summ           ######..     1%          3    None
 Dazzling Spray           Conj/Hex       #####.       1%          3    None
 Summon Guardian Golem    Hex/Summ       #####...     1%          3    None
 Iskenderun's Battlesphe  Conj/Chrm      ######..     1%          5    ###....
 Ozocubu's Armour         Chrm/Ice       #####...     2%          3    None
 Summon Ice Beast         Ice/Summ       #####...     3%          4    None
 Throw Icicle             Conj/Ice       #####...     3%          4    None
 Beastly Appendage        Tmut           ###...       4%          1    None
 Corona                   Hex            ###....      4%          1    None
 Freeze                   Ice            ###.         4%          1    None
 Ensorcelled Hibernation  Hex/Ice        ###...       6%          2    None
 Slow                     Hex            ###.....     6%          2    None
 Sticks to Snakes         Tmut           ###.....     6%          2    None
 Conjure Ball Lightning   Conj/Air       ######....   9%          6    #####..
 Venom Bolt               Conj/Pois      #####.....   11%         5    ###....
 Confuse                  Hex            ###.....     12%         3    None
 Inner Flame              Hex/Fire       ###.....     12%         3    None
 Spider Form              Tmut/Pois      ###.......   12%         3    None
 Tukima's Dance           Hex            ###.....     12%         3    None
 Silence                  Hex/Air        #####.....   17%         5    ###....
 Bolt of Magma            Conj/Fire/Erth ####......   22%         5    ###....
 Orb of Destruction       Conj           ######....   28%         7    ######.
 Spellforged Servitor     Conj/Summ      ######....   28%         7    ######.
 Cause Fear               Hex            ###.......   36%         4    None
 Ice Form                 Ice/Tmut       ###.....     36%         4    None
 Leda's Liquefaction      Hex/Erth       ###.......   36%         4    None
 Iron Shot                Conj/Erth      #####.....   50%         6    #####..
 Blade Hands              Tmut           ###.......   73%         5    ###....
 Tornado                  Air            ######....   100%        9    #######
 Portal Projectile        Hex/Tloc       Unusable     N/A         3    N/A

Dungeon Overview and Level Annotations

Branches:
Dungeon (14/15)            Temple (1/1) D:4            Lair (6/6) D:8
  Swamp (1/4) Lair:3       Spider (1/4) Lair:2        Slime (0/5) Lair:6
    Orc (2/2) D:9             Elf (0/3) Orc:2        Vaults (0/5) D:13

Altars:
Ashenzari
Cheibriados
Dithmenos
Elyvilon
Fedhas
Gozag
Hepliaklqana
Kikubaaqudgha
Makhleb
Nemelex Xobeh
Okawaru
Qazlal
Ru
Sif Muna
Trog
Uskayaw
Vehumet
Wu Jian
Xom
Yredelemnul
Zin
The Shining One
Beogh
Jiyva

Shops:
D:7 :   Orc:2 *%([

Portals:
Trove: D:10 (give 2 scrolls of acquirement)

Annotations:
Spider:1 Jorgrun


Innate Abilities, Weirdness & Mutations

You cannot wear armour.
You are incapable of wielding weapons or throwing items.
Your paws allow you to move quietly. (Stealth)
You have sharp claws.
You have razor-sharp teeth.
You have supernaturally acute eyesight. (SInv)
You are carnivorous and can eat meat at any time.
You cover ground quickly.
Your thick and shaggy fur keeps you warm. (AC +3, rC+)
You have a slow metabolism.
Your sharp claws are effective at attacking unaware monsters.
Your life essence is reduced to manifest your ancestor. (-10% HP)
You are partially covered in molten scales. (AC +2)
You possess an exceptional clarity of mind.
Your system is resistant to poisons. (rPois)


Message History

The shambling mangrove misses you. The grasping roots constrict you!
The roots' grasp on you weakens, but your attempt to escape fails.
Kammani hits the shambling mangrove but does no damage.
Unknown command.
You escape the roots' grasp.
Roots burst forth from the earth!
The grasping roots grab you!
* * * LOW HITPOINT WARNING * * *
The grasping roots constrict you!!
Unknown command.
Okay, then.
Select a target.
Press: ? - help, Dir - move target cursor, f - shambling mangrove
Aim: a shambling mangrove (lightly damaged)
The floor.
The shambling mangrove swaps with Kammani!
The shambling mangrove is drained by nostalgia.
Kammani hits the shambling mangrove but does no damage.
The shambling mangrove hits Kammani!!
You die...

.######....#.♣≈..≈♣..........###
..######..#..♣≈♣.≈♣.......>....#
.............♣≈..≈♣...........##
...###(.#...♣♣♣♣.≈♣♣......)....#
....##..###.♣♣≈..≈♣♣...#......P#
...##....##.♣♣≈♣.≈♣♣..#.......##
...P........♣♣≈..≈♣♣..........##
.......PP#♣♣♣♣≈♣.≈♣♣.).........#
......#### ♣≈.@≈♣♣..........##
...#.## ♣≈..≈♣♣...#......# .#.###
♣≈.R≈♣♣...##...#### ..##
♣≈.f§♣.........##.## ...#
♣≈§§§♣.............P ...#
♣≈§§§♣.........P#P.. ...######
♣♣♣♣♣♣♣.........#####
....P.#.###♣♣.♣♣♣♣##.........## #
......<.......................###


You could see the friendly Kammani the knight and a shambling mangrove.

Vanquished Creatures
  Azrael (D:13)
  Josephine (D:11)
  A great orb of eyes (D:13)
  6 hydras
  2 centaur warriors
  5 death yaks
  A two-headed ogre (D:9)
  An orc high priest (Orc:2)
  A tengu warrior (D:13)
  Urug (Lair:1)
  A swamp dragon (Swamp:1)
  A wizard (D:13)
  A phantasmal warrior (D:13)
  A wolf spider zombie (D:14)
  4 orb spiders (Spider:1)
  An orc knight (Orc:1)
  3 wolf spiders (Spider:1)
  An ugly thing (D:11)
  6 orc sorcerers
  2 oklob plants (Lair:3)
  2 cyclopes
  5 elephants
  A manticore (D:11)
  Maurice (D:8)
  2 centaur zombies
  3 black mambas
  7 spiny frogs
  A centaur skeleton (D:13)
  7 komodo dragons
  A demonic crawler (Spider:1)
  5 jumping spiders (Spider:1)
  Prince Ribbit (D:7)
  3 trolls
  3 polar bears (Lair:6)
  2 bog bodies
  6 hornets
  A dream sheep (Lair:6)
  7 blink frogs
  11 hippogriffs
  A meliai zombie (D:14)
  A slime creature (D:13)
  9 tarantellas (Spider:1)
  9 spriggans
  2 shadows
  9 redbacks
  2 wyverns
  2 vampires
  6 wraiths
  36 yaks
  2 fire elementals (D:13)
  Grum (Lair:1)
  3 basilisks
  A steam dragon (Lair:2)
  3 wargs
  6 vampire mosquitoes
  2 swamp worms (Lair:3)
  6 water moccasins
  4 hell hounds (D:13)
  9 porcupines
  2 sky beasts (D:7)
  An ice beast (D:6)
  22 orc warriors
  A black bear (Lair:6)
  An eye of draining (D:9)
  2 phantoms
  3 centaurs
  8 ogres
  22 wolves
  4 boggarts (Lair:6)
  11 crocodiles
  6 big kobolds
  14 bullfrogs
  A wyvern skeleton (D:10)
  3 scorpions
  8 killer bees
  5 howler monkeys
  3 electric eels
  6 crimson imps
  2 quasits
  8 hounds
  3 jellies
  22 orc priests
  4 bullfrog skeletons
  35 orc wizards
  Ijyb (D:5)
  4 iguanas
  9 worker ants
  A hound skeleton (D:4)
  A worker ant zombie (D:5)
  8 gnolls
  8 adders
  2 shadow imps
  An ooze (D:1)
  3 adder skeletons
  A worm (D:6)
  3 dart slugs
  A leopard gecko (D:5)
  91 orcs
  7 giant cockroaches
  5 goblins
  6 hobgoblins
  4 quokkas
  3 bats (D:3)
  6 frilled lizards
  2 jackal skeletons
  24 kobolds
  A leopard gecko zombie (D:5)
  A quokka skeleton (D:6)
  2 quokka zombies
  3 rats
619 creatures vanquished.

Vanquished Creatures (collateral kills)
  2 hydras
  A centaur warrior (D:13)
  An alligator (Lair:3)
  A death yak (Lair:5)
  2 two-headed ogres
  2 oklob plants (Lair:4)
  2 orc knights
  3 orb spiders (Spider:1)
  3 wolf spiders
  3 elephants
  2 spiny frogs
  2 trolls (D:9)
  A polar bear (Lair:1)
  2 blink frogs
  A hornet (Lair:6)
  2 jumping spiders (Spider:1)
  A dream sheep (Lair:6)
  3 spriggans (Lair:6)
  3 tarantellas (Spider:1)
  A wraith (D:11)
  A wyvern (Lair:6)
  2 fire elementals (D:13)
  13 yaks
  A human (D:9)
  A basilisk (Lair:6)
  A vampire mosquito (Swamp:1)
  Menkaure (D:4)
  A swamp worm (Lair:3)
  A water moccasin (Lair:1)
  A porcupine (Lair:3)
  2 black bears
  An ice beast (D:7)
  4 orc warriors
  A necrophage (D:12)
  5 ogres
  7 wolves
  A centaur (D:5)
  2 crocodiles
  A bullfrog (Lair:1)
  2 killer bees (D:10)
  2 centaur zombies
  A hound (D:7)
  12 orc wizards
  3 orc priests
  2 iguanas
  A hound skeleton (D:5)
  A howler monkey zombie (D:7)
  An adder (D:11)
  3 gnolls
  A howler monkey skeleton (D:9)
  19 orcs
  A giant cockroach (D:5)
  2 goblins (D:9)
  6 kobolds
142 creatures vanquished.

Vanquished Creatures (others)
  An unseen horror (D:13)
  13 knights
  10 ancestors
  2 orcs (Orc:1)
  12 fungi
  10 plants
48 creatures vanquished.

Grand Total: 809 creatures vanquished

Notes
Turn   | Place    | Note
-------+----------+-------------------------------------------
     0 | D:1      | inc the Felid Air Elementalist began the quest for the Orb.
     0 | D:1      | Reached XP level 1. HP: 7/7 MP: 4/4
    12 | D:1      | Reached skill level 1 in Conjurations
   286 | D:1      | Reached XP level 2. HP: 11/11 MP: 0/6
  1043 | D:2      | Reached XP level 3. HP: 9/14 MP: 1/7
  1372 | D:2      | Found a snail-covered altar of Cheibriados.
  2190 | D:3      | Gained mutation: You are partially covered in molten
                  | scales. (AC +2) [potion of mutation]
  2190 | D:3      | Gained mutation: Your system is resistant to poisons.
                  | (rPois) [potion of mutation]
  2190 | D:3      | Gained mutation: You possess an exceptional clarity of
                  | mind. [potion of mutation]
  2291 | D:3      | Noticed a big kobold
  3003 | D:3      | Killed a big kobold
  3003 | D:3      | Reached XP level 4. HP: 10/18 MP: 1/8
  3146 | D:3      | Noticed a big kobold
  3180 | D:3      | Killed a big kobold
  3180 | D:3      | Reached skill level 5 in Air Magic
  3180 | D:3      | Reached XP level 5. HP: 21/21 MP: 0/9
  4151 | D:4      | Found a glowing silver altar of Zin.
  4351 | D:4      | Learned a level 3 spell: Static Discharge
  4356 | D:4      | Learned a level 4 spell: Airstrike
  4451 | D:4      | Found a staircase to the Ecumenical Temple.
  4461 | Temple   | Entered the Ecumenical Temple
  4674 | Temple   | Became a worshipper of Hepliaklqana the Forgotten
  4704 | D:4      | Gained mutation: You are covered in thick fur. (AC +2)
                  | [Felid growth]
  4704 | D:4      | Reached XP level 6. HP: 16/21 MP: 3/10
  4954 | D:4      | Noticed Menkaure
  5093 | D:5      | Entered Level 5 of the Dungeon
  5583 | D:5      | Noticed Ijyb
  5600 | D:5      | Killed Ijyb
  5676 | D:5      | Reached XP level 7. HP: 15/24 MP: 7/11
  6226 | D:5      | Reached * piety under Hepliaklqana
  6505 | D:4      | Killed Menkaure
  7370 | D:6      | Reached XP level 8. HP: 23/27 MP: 2/12
  7680 | D:6      | Reached skill level 1 in Fighting
  8558 | D:6      | Upgraded the game from 0.23-a0-586-gacb4b3f to
                  | 0.23-a0-607-g760965b
  8668 | D:7      | Reached skill level 5 in Dodging
  8939 | D:7      | Noticed a komodo dragon
  9429 | D:7      | Killed a komodo dragon
  9429 | D:7      | Reached XP level 9. HP: 13/34 MP: 1/16
  9817 | D:7      | Found Boxair's Book Shop.
  9817 | D:7      | Noticed Prince Ribbit
  9824 | D:7      | Killed Prince Ribbit
  9824 | D:7      | Reached skill level 5 in Spellcasting
 10146 | D:7      | Found a stormy altar of Qazlal.
 11084 | D:8      | Found a shadowy altar of Dithmenos.
 11158 | D:8      | Noticed an elephant
 11196 | D:9      | Noticed a two-headed ogre
 11239 | D:8      | Killed an elephant
 11246 | D:8      | Reached XP level 10. HP: 17/37 MP: 6/23
 11311 | D:8      | Noticed Maurice
 11345 | D:8      | Killed Maurice
 11494 | D:8      | Found a staircase to the Lair.
 11604 | D:8      | Found a hide-covered altar of Uskayaw.
 11605 | D:8      | Found a basalt altar of Yredelemnul.
 11685 | D:9      | Noticed a two-headed ogre
 11693 | D:9      | Killed a two-headed ogre
 11693 | D:9      | Reached skill level 10 in Spellcasting
 11741 | D:9      | Reached ** piety under Hepliaklqana
 11746 | D:9      | Remembered your ancestor Kammani as a knight
 11849 | D:9      | Killed a two-headed ogre
 11905 | D:9      | Found a staircase to the Orcish Mines.
 12378 | D:9      | Reached XP level 11. HP: 35/40 MP: 24/27
 12828 | D:10     | Entered Level 10 of the Dungeon
 12869 | D:10     | Found a portal to a secret trove of treasure.
 13041 | D:10     | Noticed a two-headed ogre
 13047 | D:10     | Killed a two-headed ogre
 13803 | D:10     | Reached skill level 5 in Fighting
 14422 | D:11     | Noticed a green ugly thing
 14441 | D:11     | Killed a green ugly thing
 14877 | D:11     | Reached *** piety under Hepliaklqana
 15234 | D:11     | Noticed Josephine
 15243 | D:11     | Killed Josephine
 15568 | D:11     | Learned a level 2 spell: Swiftness
 15574 | D:11     | Learned a level 5 spell: Lightning Bolt
 15579 | D:11     | Learned a level 4 spell: Summon Lightning Spire
 15915 | D:11     | Reached skill level 1 in Summonings
 16450 | D:12     | Gained mutation: Your thick and shaggy fur keeps you warm.
                  | (AC +3, rC+) [Felid growth]
 16450 | D:12     | Reached XP level 12. HP: 48/48 MP: 12/29
 16505 | D:12     | Reached skill level 5 in Conjurations
 17173 | D:12     | Reached **** piety under Hepliaklqana
 17627 | D:13     | Found an opulent altar of Gozag.
 17750 | D:13     | Reached skill level 5 in Summonings
 17919 | D:13     | Found a gate to the Vaults.
 18090 | D:13     | Noticed Azrael
 18108 | D:13     | Killed Azrael
 18151 | D:13     | Killed from afar by a hell hound
 18152 | D:13     | Reached XP level 11. HP: 0/45 MP: 11/28
 18694 | D:13     | Noticed a great orb of eyes
 18698 | D:13     | Noticed an unseen horror
 18706 | D:13     | Noticed a centaur warrior
 18707 | D:13     | Noticed a tengu warrior
 19132 | Lair:1   | Entered Level 1 of the Lair of Beasts
 19263 | Lair:1   | Noticed an eight-headed hydra
 19365 | Lair:1   | Killed an eight-headed hydra
 19465 | Lair:1   | Noticed Urug
 19470 | Lair:1   | Killed Urug
 19576 | Lair:1   | Reached XP level 12. HP: 44/48 MP: 7/29
 19635 | Lair:1   | Noticed Grum
 19638 | Lair:1   | Killed Grum
 20324 | Lair:2   | Noticed a four-headed hydra
 20597 | Lair:2   | Killed a four-headed hydra
 20820 | Lair:2   | Found a hole to the Spider Nest.
 20981 | Lair:2   | Reached ***** piety under Hepliaklqana
 22637 | Lair:3   | Found a staircase to the Swamp.
 23187 | Lair:4   | Noticed a five-headed hydra
 23194 | Lair:4   | Killed a five-headed hydra
 24636 | Lair:5   | Reached XP level 13. HP: 51/51 MP: 7/30
 24886 | Lair:5   | Reached skill level 10 in Conjurations
 24956 | Lair:5   | Reached skill level 10 in Summonings
 25982 | Lair:6   | Entered Level 6 of the Lair of Beasts
 27470 | Lair:6   | Found a viscous altar of Jiyva.
 27470 | Lair:6   | Found a staircase to the Slime Pits.
 28621 | Lair:6   | Reached ****** piety under Hepliaklqana
 29830 | Lair:6   | Reached skill level 10 in Dodging
 29830 | Lair:6   | Reached XP level 14. HP: 40/54 MP: 10/31
 30258 | Orc:1    | Entered Level 1 of the Orcish Mines
 31761 | Orc:2    | Entered Level 2 of the Orcish Mines
 33696 | Orc:1    | Found a roughly hewn altar of Beogh.
 33698 | Orc:1    | Found a bloodstained altar of Trog.
 33792 | Orc:2    | Found a staircase to the Elven Halls.
 34100 | Orc:2    | Found Voerhaomp's Armour Shop.
 34100 | Orc:2    | Found Ifyvef's Food Boutique.
 34103 | Orc:2    | Found Koosig's Assorted Antiques.
 34105 | Orc:2    | Found Tuymypsa's Antique Weapon Shop.
 34109 | Orc:2    | Bought a scroll of identify for 56 gold pieces
 34109 | Orc:2    | Bought a scroll of teleportation for 84 gold pieces
 34805 | D:13     | Identified the ring "Jebyitag" {+Fly rN+ Int+4}
 34868 | D:13     | Identified the ring of Wishful Thinking {Fire Str+4 Slay+5}
 34995 | D:13     | Got a heavily runed marble ring
 35002 | D:13     | Got a steaming silver ring
 35156 | D:13     | Identified the ring of the Komtur {Wiz MR- Int+5} (You
                  | found it on level 13 of the Dungeon)
 35158 | D:13     | Identified the ring "Repu" {rF- rC+ Int+2 Stlth+} (You
                  | found it on level 13 of the Dungeon)
 36344 | D:14     | Killed from afar by a deep elf mage
 36345 | D:14     | Reached XP level 13. HP: -22/54 MP: 3/30
 36580 | D:7      | Bought a book of the Sky for 910 gold pieces
 36587 | D:7      | Learned a level 6 spell: Deflect Missiles
 36754 | Swamp:1  | Entered Level 1 of the Swamp
 36760 | Swamp:1  | Reached skill level 1 in Charms
 36938 | Lair:3   | Slain by an eight-headed hydra
 36939 | Lair:3   | Reached XP level 12. HP: 0/51 MP: 23/29
 36971 | Lair:3   | Killed an eight-headed hydra
 37080 | Swamp:1  | Noticed a shambling mangrove
 37320 | Spider:1 | Entered Level 1 of the Spider Nest
 37935 | Spider:1 | Reached skill level 5 in Charms
 38207 | Spider:1 | Reached XP level 13. HP: 54/54 MP: 10/30
 39737 | Spider:1 | Noticed Jorgrun
 40251 | Lair:3   | Slain by a shambling mangrove

Vault maps used:
D:1:      dpeg_arrival_arbitrary_b
D:2:      cheibriados_altar_1, kennysheep_pointless_box
D:3:      cheibrodos_thug_alley, chequers_big_river, minmay_misc_feat_tower
D:4:      kennysheep_mini_moat, minmay_temple_entry_statues, uniq_menkaure
D:5:      first_ration, uniq_ijyb
D:6:      minmay_misc_feat_ornament
D:7:      old_standard_altar, serial_shops, shop, the_bakery,
          uniq_prince_ribbit1
D:8:      gammafunk_temple_overflow_statue, nicolae_dithmenos_the_darkroom,
          david_lair_generic, uniq_maurice
D:9:      erik_orc_4, special_room
D:10:     nicolae_trove_entry_crossroad
D:11:     uniq_josephine
D:13:     minmay_the_grid_triangle_9x9_recursive_2_mashed, david_vaults_4,
          serial_co_window_serial, co_window_of_opportunity_a,
          co_window_paths_b, co_window_corner_a, co_window_paths_a,
          co_window_cross_1, co_window_corner_a, co_window_paths_a,
          co_window_broadway_c, co_window_of_opportunity_c,
          co_window_unsneaky_path_b, co_window_unsneaky_path_e,
          co_window_paths_c, co_window_unsneaky_path_d, glass_columns_a,
          glass_columns_a, glass_columns_c, glass_columns_b,
          grunt_gozag_breadcrumbs, uniq_azrael
D:14:     lemuel_tele_altar, stair_cage_line
Temple:   eino_temple_rhombus
Lair:1:   grunt_megastairs_2, uniq_urug, uniq_grum
Lair:2:   spider_nest_entry_webs
Lair:3:   nicolae_swamp_entry_splash_gauntlet, lemuel_fruit_fields,
          minmay_lair_oklob_chamber
Lair:4:   dpeg_oklob_gauntlet
Lair:6:   minmay_lair_end_enchanted_forest, dpeg_slime_entry_enclosed_altar,
          serial_bayou_lake_a
Swamp:1:  evilmike_swamp_ruin_rubble_1
Spider:1: uniq_jorgrun
Orc:1:    basic_altar, bloody_trog
Orc:2:    st_orc_mages

Skill      XL: |  1  2  3  4  5  6  7  8  9 10 11 12 13 14 |
---------------+-------------------------------------------+-----
Conjurations   | 2 7 9 11 | 11.6
Air Magic      | 4 5 6 8 |  8.9
Fighting       | 3 7 9 |  9.5
Dodging        | 5 9 10 12 | 12.4
Spellcasting   | 4 8 11 12 | 12.0
Summonings     | 7 9 11 | 11.7
Charms         | 5 8 |  8.3
Stealth        | |  2.6

Action                   |  1- 3 |  4- 6 |  7- 9 | 10-12 | 13-15 || total
-------------------------+-------+-------+-------+-------+-------++-------
Melee: Unarmed           |     6 |     4 |    10 |    52 |    17 ||    89
       Bite              |     1 |       |       |     7 |       ||     8
 Cast: Shock             |   123 |   114 |   177 |   170 |    15 ||   599
       Static Discharge  |       |     2 |     1 |     2 |     3 ||     8
       Airstrike         |       |     2 |    64 |   591 |   571 ||  1228
       Summon Lightning  |       |       |       |    10 |    15 ||    25
       Lightning Bolt    |       |       |       |    38 |    64 ||   102
       Swiftness         |       |       |       |     2 |       ||     2
       Deflect Missiles  |       |       |       |       |     1 ||     1
Invok: Recall Ancestor   |       |     2 |     2 |     7 |    12 ||    23
       Ancestor Identity |       |       |     1 |       |       ||     1
       Ancestor Life: Kn |       |       |       |     1 |       ||     1
       Transference      |       |       |       |     3 |     5 ||     8
  Use: Potion            |     2 |       |     1 |     1 |     4 ||     8
       Scroll            |       |       |     7 |     2 |    13 ||    22
 Stab: Sleeping          |       |       |     1 |       |       ||     1
  Eat: Chunk             |     4 |     5 |    23 |    45 |    30 ||   107
       Ration            |       |     1 |       |       |     2 ||     3
Armor: Skin              |       |     3 |    28 |    12 |    25 ||    68
Dodge: Dodged            |    32 |    45 |   104 |   392 |   419 ||   992

Table legend:
 A = Non-vault XP
 B = Vault XP
 C = Vault XP percentage of total XP
 D = Non-vault monster count
 E = Vault monster count
 F = Vault count percentage of total count
                 A         B        C        D         E       F
            +---------+---------+-------+---------+---------+-------
      Total |   86333 |   30673 |  26.2 |     576 |     186 |  24.4
            +---------+---------+-------+---------+---------+-------
        D:1 |      35 |       0 |   0.0 |      16 |       0 |   0.0
        D:2 |      17 |       0 |   0.0 |       9 |       0 |   0.0
        D:3 |      40 |     213 |  84.2 |      20 |      11 |  35.5
        D:4 |     140 |     172 |  55.1 |      11 |       1 |   8.3
        D:5 |     551 |      36 |   6.1 |      24 |       1 |   4.0
        D:6 |     922 |       0 |   0.0 |      26 |       0 |   0.0
        D:7 |    1251 |     525 |  29.6 |      29 |       2 |   6.5
        D:8 |    1203 |    1541 |  56.2 |      19 |       5 |  20.8
        D:9 |    6237 |     907 |  12.7 |      35 |      42 |  54.5
       D:10 |    3399 |       0 |   0.0 |      47 |       0 |   0.0
       D:11 |    4461 |    1923 |  30.1 |      36 |       5 |  12.2
       D:12 |    5616 |       0 |   0.0 |      37 |       0 |   0.0
       D:13 |    2655 |    8205 |  75.6 |      11 |      19 |  63.3
       D:14 |    2521 |       0 |   0.0 |      11 |       0 |   0.0
     Lair:1 |    2597 |    1417 |  35.3 |      12 |       7 |  36.8
     Lair:2 |    6145 |     220 |   3.5 |      25 |       1 |   3.8
     Lair:3 |    2581 |    2446 |  48.7 |       8 |      10 |  55.6
     Lair:4 |    6006 |    1027 |  14.6 |      19 |       2 |   9.5
     Lair:5 |    9739 |     447 |   4.4 |      26 |       3 |  10.3
     Lair:6 |    9856 |    6927 |  41.3 |      36 |      41 |  53.2
    Swamp:1 |    1512 |       0 |   0.0 |       5 |       0 |   0.0
   Spider:1 |   13528 |       0 |   0.0 |      41 |       0 |   0.0
      Orc:1 |    3553 |     676 |  16.0 |      40 |       2 |   4.8
      Orc:2 |    1768 |    3991 |  69.3 |      33 |      34 |  50.7
            +---------+---------+-------+---------+---------+-------
